 Dungeon Crawl Stone Soup version 0.29-b1-12-g9e2288ab2a (webtiles) character file.

Game seed: 10450565772533240014

46 Zeldest the Insei (level 3, -12/24 HPs)
             Began as an Octopode Transmuter on Aug 24, 2022.
             Mangled by an iguana (13 damage)
             ... on level 4 of the Dungeon.
             The game lasted 00:02:29 (474 turns).

Zeldest the Insei (Octopode Transmuter)              Turns: 474, Time: 00:02:29

Health: -12/24     AC:  1    Str:  9    XL:     3   Next: 68%
Magic:  2/6        EV: 13    Int: 17    God:
Gold:   26         SH:  0    Dex: 12    Spells: 3/6 levels left

rFire   . . .      SeeInvis .     - Unarmed
rCold   . . .      Faith    .   (no shield)
rNeg    . . .      Spirit   .   (helmet currently unavailable)
rPois   .          Reflect  .   (no amulet)
rElec   .          Harm     .   (no ring)
rCorr   .          Rampage  .   (no ring)
Will    .....                   (no ring)
Stlth   ++........              (no ring)
HPRegen 0.08/turn               (no ring)
MPRegen 0.10/turn               (no ring)
                                (no ring)
                                (no ring)

@: appendages (expiring), wereblooded
A: tentacle spike 3, almost no armour, amphibious, 8 rings, camouflage 1,
gelatinous body 1, (nimble swimmer 1), tentacles
a: End Transformation


You were on level 4 of the Dungeon.
One of your tentacles had grown a beastly spike.
You visited 1 branch of the dungeon, and saw 4 of its levels.

You collected 26 gold pieces.

Inventory:

Scrolls
 c - a scroll of enchant armour {unknown}
Potions
 a - a potion of lignification
 b - a potion of cancellation {unknown}
 d - a potion of heal wounds {unknown}


   Skills:
 + Level 2.0 Fighting
 - Level 2.0 Dodging
 + Level 3.5 Unarmed Combat
 - Level 2.0 Spellcasting
 + Level 2.7 Transmutations


You had 3 spell levels left.
You knew the following spells:

 Your Spells              Type           Power      Damage    Failure   Level
a - Beastly Appendage     Tmut           22%        N/A       6%          1
b - Wereblood             Tmut           11%        N/A       10%         2

Your spell library contained the following spells:

 Spells                   Type           Power      Damage    Failure   Level
 Spider Form              Tmut/Pois      6%         N/A       32%         3
 Ignite Poison            Fire/Tmut/Pois 4%         N/A       36%         3
 Conjure Flame            Conj/Fire      1%         6-21      50%         3
 Summon Guardian Golem    Hex/Summ       1%         N/A       50%         3
 Ice Form                 Ice/Tmut       6%         N/A       73%         4
 Sticky Flame             Conj/Fire      1%         2d3       88%         4
 Orb of Destruction       Conj           0%         9d5       100%        7
 Spellforged Servitor     Conj/Summ      0%         N/A       100%        7


Dungeon Overview and Level Annotations

Branches:
Dungeon (4/15)
 Temple: D:4-7

Altars:
Uskayaw


Innate Abilities, Weirdness & Mutations

One of your tentacles has grown a beastly spike.
You cannot wear most types of armour.
You are amphibious.
You can wear up to eight rings at the same time.
Your skin changes colour to match your surroundings (Stealth+).
Your rubbery body absorbs attacks. (AC +1, EV +1)
((You are camouflaged when in or above water. (Stealth+)))
You have tentacles for arms and can constrict up to eight enemies at once.


Message History

Your tentacle spike disappears.
Your primal bloodlust is almost over.
A ball python comes into view.
There is an open door here.
A ball python is nearby!
Casting: Wereblood (safe; 10% risk of failure)
Confirm with . or Enter, or press ? or * to list all spells.
One of your tentacles grows a vicious spike.
The iguana hisses angrily.
Casting: Beastly Appendage (safe; 6% risk of failure)
Confirm with . or Enter, or press ? or * to list all spells.
Your blood is freshly infused with primal strength!
The ball python hisses angrily.
The ball python misses you. The ball python barely misses you.
There is an open door here.
You tentacle-slap the ball python. Your grab misses the ball python.
The ball python is moderately wounded.
The ball python barely misses you. The ball python grabs you.
The ball python constricts you.
You tentacle-slap the ball python.
You feel a bit better.
You kill the ball python!
You closely miss the iguana. You grab the iguana. You constrict the iguana.
The iguana barely misses you.
You tentacle-slap the iguana but do no damage.
You pierce the iguana.
The iguana is lightly wounded.
You constrict the iguana, but do no damage.
The iguana bites you!
You tentacle-slap the iguana. You squeeze the iguana.
The iguana is heavily wounded.
Your transformation is almost over.
You constrict the iguana. The iguana bites you!
Ouch! That really hurt!
* * * LOW HITPOINT WARNING * * *
You tentacle-slap the iguana.
You pierce the iguana, but do no damage.
The iguana is severely wounded.
You constrict the iguana. The iguana bites you!
Ouch! That really hurt!
You die...

#.# #.......# #.#
#.......# #.#
#.......# #.#
#.......### #.#
#.........# #.#
#######)..# #.#
#...#
#.##########...#
#..........@...+
############l..#####
#...........#
#.###.#.###.# #
#.......# #.#)#.#<#
...#.#.#.# ....
#.#.#.# #. #....
#.#...# ..


You could see an iguana.

Vanquished Creatures
  Terence (D:3)
  An orc (D:4)
  2 ball pythons
  An endoplasm (D:2)
  A giant cockroach (D:3)
  2 goblins
  A hobgoblin (D:2)
  3 jackals (D:4)
  4 bats
  2 frilled lizards
  A rat (D:3)
19 creatures vanquished.

Notes
Turn   | Place    | Note
-------+----------+-------------------------------------------
     0 | D:1      | Zeldest the Octopode Transmuter began the quest for the
                  | Orb.
     0 | D:1      | Reached XP level 1. HP: 13/13 MP: 3/3
   176 | D:3      | Reached XP level 2. HP: 13/18 MP: 5/5
   179 | D:3      | Learned a level 2 spell: Wereblood
   263 | D:3      | Noticed Terence
   275 | D:3      | Killed Terence
   276 | D:3      | Reached XP level 3. HP: 24/24 MP: 4/6
   376 | D:4      | Found a hide-covered altar of Uskayaw.
   404 | D:4      | Identified the +4 hand axe of the Modern God {flame, *Slow
                  | rC++ rN+++}
   473 | D:4      | HP: 1/24 [iguana (12)]
   474 | D:4      | Mangled by an iguana

Illustrated notes

Levels and vault maps discovered:
D:1:      lightli_arrival_noodles, layout_basic
D:2:      layout_basic
D:3:      kennysheep_the_goblin_king, layout_basic, uniq_terence
D:4:      layout_basic, mainiacjoe_overflow_catwalk_spiral

Skill      XL: |  1  2  3 |
---------------+----------+-----
Fighting       | 2 |  2.0
Dodging        | |  2.0
Unarmed Combat | |  3.5
Spellcasting   | |  2.0
Transmutations | |  2.7

Action                   || total
-------------------------++-------
Melee: Unarmed           ||    57
       Constrict         ||    17
       Tentacles         ||     8
       Kick              ||     6
 Cast: Beastly Appendage ||    10
       Wereblood         ||     6
  Use: Potion            ||     1
 Stab: Sleeping          ||     2
Armor: Skin              ||     8
Dodge: Dodged            ||    37
